 Dungeon Crawl Stone Soup version 0.31-a0-358-gac0dbeb3ab (webtiles) character file.

Game seed: 3794956399002074075

77 cforsyth the Charlatan (level 4, 0/34 HPs)
             Began as a Gnoll Artificer on July 25, 2023.
             Slain by a worm (9 damage)
             ... on level 1 of the Dungeon.
             The game lasted 00:04:18 (2682 turns).

cforsyth the Charlatan (Gnoll Artificer)            Turns: 2682, Time: 00:04:19

Health: 0/34       AC:  3    Str: 12    XL:     4   Next: 34%
Magic:  5/5        EV: 12    Int: 18    God:
Gold:   145        SH:  0    Dex: 12    Spells: 5/5 levels left

rFire   . . .        t - +0 hand axe (flame)
rCold   . . .        (no shield)
rNeg    . . .        b - +0 leather armour
rPois   .            (no helmet)
rElec   .            (no cloak)
rCorr   .            (no gloves)
SInv    .            (no boots)
Will    .....        (no amulet)
Stlth   ++           h - +6 ring of intelligence
HPRegen 0.25/turn    (no ring)
MPRegen 0.09/turn

%: no passive effects
@: no status effects
A: fangs 1, strong nose, distributed training
a: no special abilities


You were on level 1 of the Dungeon.
You visited 1 branch of the dungeon, and saw 3 of its levels.

You collected 145 gold pieces.

Inventory:

Hand Weapons
 a - a +0 club
 t - a +0 hand axe of flaming (weapon)
Armour
 b - a +0 leather armour (worn)
Jewellery
 h - a +6 ring of intelligence (left hand)
 j - a +4 ring of protection
Wands
 c - a wand of flame (11) (quivered)
 d - a wand of charming (15)
 e - a wand of iceblast (5)
Scrolls
 g - 2 scrolls of enchant armour {unknown}
 i - a scroll of brand weapon {unknown}
 k - a scroll of immolation {unknown}
 l - a scroll of teleportation {unknown}
 m - a scroll of fear {unknown}
 p - a scroll of torment {unknown}
Potions
 f - a potion of lignification {unknown}
 n - 2 potions of brilliance {unknown}
 o - 2 potions of enlightenment {unknown}
 q - 4 potions of curing {unknown}
 r - a potion of attraction {unknown}
 s - a potion of might {unknown}


   Skills:
 + Level 2.7 Fighting
 + Level 1.1 Short Blades
 + Level 1.1 Long Blades
 + Level 1.1 Axes
 + Level 1.1 Maces & Flails
 + Level 1.1 Polearms
 + Level 1.1 Staves
 + Level 1.1 Ranged Weapons
 + Level 1.1 Throwing
 + Level 4.6 Armour
 + Level 2.7 Dodging
 + Level 2.5 Stealth
 + Level 1.1 Shields
 + Level 1.1 Unarmed Combat
 + Level 1.1 Spellcasting
 + Level 0.9 Conjurations
 + Level 0.9 Hexes
 + Level 0.9 Summonings
 + Level 0.9 Necromancy
 + Level 0.9 Translocations
 + Level 0.9 Transmutations
 + Level 0.9 Fire Magic
 + Level 0.9 Ice Magic
 + Level 0.9 Air Magic
 + Level 0.9 Earth Magic
 + Level 0.9 Poison Magic
 + Level 1.2 Invocations
 + Level 6.6 Evocations
 + Level 0.9 Shapeshifting


You had 5 spell levels left.
You didn't know any spells.
Your spell library contained the following spells:

 Spells                   Type           Power      Damage    Failure   Level
 Summon Ice Beast         Ice/Summ       4%         N/A       86%         4
 Summon Mana Viper        Hex/Summ       4%         N/A       99%         5
 Monstrous Menagerie      Summ           2%         N/A       100%        7


Dungeon Overview and Level Annotations

Branches:
Dungeon (3/15)

Altars:

Shops:
D:2 [


Innate Abilities, Weirdness & Mutations

You have very sharp teeth.
Your uncanny sense of smell can sniff out nearby items.
Your experience applies equally to all skills.


Message History

There is a stone staircase leading up here.
You climb upwards.
There is a stone staircase leading down here.
Done exploring.
Done exploring.
Done exploring.
Done exploring.
Level map cleared.
There is a stone staircase leading down here.
A worm is nearby!
A worm is nearby!
A worm is nearby!
You barely miss the worm. You barely miss the worm. The worm bites you!
You barely miss the worm. You bite the worm.
The worm is lightly wounded.
The worm bites you.
You hit the worm. You burn the worm.
The worm is moderately wounded.
The worm bites you.
You are too injured to fight recklessly!
You are too injured to fight recklessly!
You are too injured to fight recklessly!
You are too injured to fight recklessly!
You are too injured to fight recklessly!
You are too injured to fight recklessly!
You are too injured to fight recklessly!
You are too injured to fight recklessly!
You are too injured to fight recklessly!
You are too injured to fight recklessly!
You hit the worm but do no damage.
The worm is moderately wounded.
You barely miss the worm.
The worm is moderately wounded.
The worm bites you!
* * * LOW HITPOINT WARNING * * *
You hit the worm. You burn the worm.
The worm is moderately wounded.
The worm bites you!
You die...

§~§*,,,,,,,,***,,* ***,,* **
~§§,,,,,,,,,**#..###**,,,*** *,
§,§,,,,,,,,,,*#..#.,,,,*,,,* *,
§§,∩,,,,,,,,,*#....*******,* ***,
§,,,,,,,,,,,,*#.(.********,***,,.
§∩,,,,,,,,,⌠,*#...,,,,[,,,,,,,,,.
,,,,,,,,,,,,,*#..##*******,,*,,*#
,*,,,,,,,,,,,,#.w.#####*##*,,,,*
,,,*,,,,,,,,,,#.@.....##.,>†,*,*
,,,,,,,,,.....'.#..##....***#*,*
§<,,,,,,,.....'.##..#..,.,,,..,**
,,,,,,,,,.....##*##.#.#*****#..,*
,,,*,,,,,.....* #.#.# *#..#
,,,,,,,,,....** ##..(### #...
,,,,,,,,,..⌠,* ##......## #.##
,,∩,,,,,,...,* ##........#* #.*
~§,,,,,,,,,,,* #..........# #.#*


You could see a worm.

Vanquished Creatures
  3 adders (D:2)
  2 dart slugs (D:1)
  An orc (D:2)
  2 bats (D:2)
  5 endoplasms
  4 hobgoblins
  4 jackals (D:2)
  5 ball pythons
  5 frilled lizards
  4 goblins
  5 kobolds
  4 rats
44 creatures vanquished.

Notes
Turn   | Place    | Note
-------+----------+-------------------------------------------
     0 | D:1      | cforsyth the Gnoll Artificer began the quest for the Orb.
     0 | D:1      | Reached XP level 1. HP: 17/17 MP: 1/1
   119 | D:1      | Reached XP level 2. HP: 15/23 MP: 2/2
  1008 | D:2      | Reached XP level 3. HP: 26/28 MP: 3/3
  1158 | D:2      | Reached skill level 1 in Invocations
  1368 | D:2      | Reached skill level 1 in Short Blades
  1368 | D:2      | Reached skill level 1 in Long Blades
  1368 | D:2      | Reached skill level 1 in Axes
  1368 | D:2      | Reached skill level 1 in Maces & Flails
  1368 | D:2      | Reached skill level 1 in Polearms
  1368 | D:2      | Reached skill level 1 in Staves
  1368 | D:2      | Reached skill level 1 in Ranged Weapons
  1368 | D:2      | Reached skill level 1 in Throwing
  1368 | D:2      | Reached skill level 1 in Shields
  1368 | D:2      | Reached skill level 1 in Unarmed Combat
  1368 | D:2      | Reached skill level 1 in Spellcasting
  1653 | D:2      | Reached XP level 4. HP: 16/34 MP: 5/5
  1821 | D:2      | Found Oniniov's Armour Shoppe.
  2426 | D:2      | HP: 1/34 [orc/+0 hand axe of flaming (2)]
  2682 | D:1      | Slain by a worm

Illustrated notes

Levels and vault maps discovered:
D:1:      tekkud_arrival_beachfront_property, layout_rooms,
          wander_ebering_terrifying_dragon_lair
D:2:      layout_loops_cross, serial_shops, nicolae_shop_behind_doors,
          minmay_octomino_j4
D:3:      layout_basic, serial_shops, nicolae_shop_real_fake_doors, st_stairs_6

Skill      XL: |  1  2  3 |
---------------+----------+-----
Invocations    | 1 |  1.2
Short Blades   | 1 |  1.1
Long Blades    | 1 |  1.1
Axes           | 1 |  1.1
Maces & Flails | 1 |  1.1
Polearms       | 1 |  1.1
Staves         | 1 |  1.1
Ranged Weapons | 1 |  1.1
Throwing       | 1 |  1.1
Shields        | 1 |  1.1
Unarmed Combat | 1 |  1.1
Spellcasting   | 1 |  1.1
Fighting       | |  2.7
Armour         | |  4.6
Dodging        | |  2.7
Stealth        | |  2.5
Conjurations   | |  0.9
Hexes          | |  0.9
Summonings     | |  0.9
Necromancy     | |  0.9
Translocations | |  0.9
Transmutations | |  0.9
Fire Magic     | |  0.9
Ice Magic      | |  0.9
Air Magic      | |  0.9
Earth Magic    | |  0.9
Poison Magic   | |  0.9
Evocations     | |  6.6
Shapeshifting  | |  0.9

Action                     |  1- 3 |  4- 6 || total
---------------------------+-------+-------++-------
  Melee: Club              |   165 |    54 ||   219
         Bite              |    13 |    10 ||    23
         Hand axe          |       |     7 ||     7
         Punch             |       |     1 ||     1
  Evoke: Wand              |     1 |     3 ||     4
   Stab: Sleeping          |     2 |     1 ||     3
 Armour: Leather armour    |    53 |    17 ||    70
  Dodge: Dodged            |   140 |    39 ||   179

Table legend: (Time is in decaauts)
 A = Elapsed time spent in this place.
 B = Non-inter-level travel time spent in this place.
 C = Inter-level travel time spent in this place.
 D = Time resting spent in this place.
 E = Time spent auto-exploring this place.
 F = Levels seen in this place.
 G = Mean time per level.
                   A        B        C        D        E       F      G
               +--------+--------+--------+--------+--------+-----+--------+
         Total |   2744 |   2688 |     56 |    203 |   1818 |   3 |  914.7 |
       Dungeon |   2744 |   2688 |     56 |    203 |   1818 |   3 |  914.7 |
               +--------+--------+--------+--------+--------+-----+--------+

Top non-repeatable levels by time:
     D:2: 1261 daAuts
     D:1: 1107 daAuts
     D:3: 375 daAuts
